 Dungeon Crawl Stone Soup version 0.14-a0-1721-g84c87b2 (webtiles) character file.

981 Kae the Martial Artist (level 7, 0/52 HPs)
             Began as a Mottled Draconian Transmuter on Jan 2, 2014.
             Killed from afar by a kobold (17 damage)
             ... with a wand of lightning
             ... on Level 5 of the Dungeon.
             The game lasted 00:13:38 (4329 turns).

Kae the Martial Artist (DrTm)                       Turns: 4329, Time: 00:13:38

HP   0/52        AC  6     Str 12      XL: 7   Next: 58%
MP  10/12        EV 12     Int 13      God:
Gold 183         SH  0     Dex 14      Spells:  3 memorised,  4 levels left

rFire  . . .     SeeInvis +       - Unarmed
rCold  . . .     Clarity  .     (armour unavailable)
rNeg   . . .     Conserve .     (no shield)
rPois  .         rCorr    .     (helmet restricted)
rElec  .         rRot     .     (no cloak)
SustAb . .       Spirit   .     (no gloves)
rMut   .         Warding  .     (no boots)
Saprov . . .     Stasis   .     (no amulet)
                                o - ring of protection from magic
                                l - cursed ring of see invisible

@: appendage, quite resistant to hostile enchantments, unstealthy
A: breathe sticky flames, unfitting armour, horns 2, AC +6
a: Breathe Sticky Flame, End Transformation


You were on level 5 of the Dungeon.
You were not hungry.
You had grown temporary horns.
You visited 2 branches of the dungeon, and saw 6 of its levels.
You also visited: Sewer.

You collected 183 gold pieces.

Inventory:

Missiles
 b - 34 arrows
 y - 5 tomahawks (quivered)
Magical devices
 w - a wand of slowing (2)
Comestibles
 a - 5 bread rations
 g - 2 apples
 j - an orange
 r - a sausage
 s - 2 meat rations
Scrolls
 c - 2 scrolls of amnesia
 f - a scroll of enchant weapon I
 h - 2 scrolls of random uselessness {unknown}
 i - a scroll of curse armour {unknown}
 m - 3 scrolls of identify
 p - 2 scrolls of noise
 q - 2 scrolls of remove curse {unknown}
 u - a scroll of enchant weapon II
 x - 2 scrolls of fog {unknown}
 z - a scroll of magic mapping
 A - a scroll of fear
Jewellery
 l - a cursed ring of see invisible (left hand)
 n - an uncursed ring of flight {unknown}
 o - a ring of protection from magic (right hand)
Potions
 e - a potion of magic
 k - 4 potions of curing
 t - a potion of brilliance
 v - 5 potions of heal wounds {unknown}
Books
 d - a book of Changes

   Spells                             Type                      Level
   *Beastly Appendage                 Transmutation                1
   *Sticks to Snakes                  Transmutation                2
   *Spider Form                       Transmutation/Poison         3
   Ice Form                           Ice/Transmutation            4
   Blade Hands                        Transmutation                5


   Skills:
 - Level 1.1 Fighting
 - Level 1.7 Dodging
 * Level 11.5 Unarmed Combat
 - Level 2.0 Spellcasting
 + Level 8.1 Transmutations


You had 4 spell levels left.
You knew the following spells:

 Your Spells              Type           Power        Failure   Level  Hunger
a - Beastly Appendage     Trmt           ###...       1%          1    ##.....
b - Sticks to Snakes      Trmt           ###.......   1%          2    ###....
c - Spider Form           Trmt/Pois      ##........   14%         3    ####...


Dungeon Overview and Level Annotations

Branches:
Dungeon (5/16)             Temple (1/1) D:4

Altars:
Ashenzari
Cheibriados
Fedhas
Kikubaaqudgha
Nemelex Xobeh
Okawaru
Trog
Vehumet
Xom
Yredelemnul
Zin
the Shining One

Annotations:
D:3 Mitsuki's ghost, average MfTm


Innate Abilities, Weirdness & Mutations

You can spit globs of burning liquid.*
You can ignite nearby creatures when you spit burning liquid.*
Your weird mottled scales are hard (AC +6).*
Your body does not fit into most forms of armour.
Your cold-blooded metabolism reacts poorly to cold.
You have a pair of horns on your head.*


Message History

The bolt of lightning misses you.
The kobold zaps a wand.
The bolt of lightning hits you!
The kobold wields a blowgun.
The kobold shoots a poisoned needle.
The poisoned needle hits you!
You are poisoned.
The kobold shoots a poisoned needle.
The poisoned needle misses you.
You see here a poisoned needle.
The kobold zaps a wand.
The bolt of lightning hits you!
* * * LOW HITPOINT WARNING * * *
You are too injured to fight recklessly!
You are too injured to fight recklessly!
You are too injured to fight recklessly!
Drink which item? (? for menu, Esc to quit)
You feel better.
The kobold drinks a potion.
The kobold seems to speed up.
Casting: Beastly Appendage
Confirm with . or Enter, or press ? or * to list all spells.
You extend your transformation's duration.
The kobold zaps a wand.
The bolt of lightning misses you.
The kobold zaps a wand.
The bolt of lightning hits you!
You die...

###..#####..# ..#
............# ..#
............# ..#
............#####..#####
.....<..................
........................#
............####..######
............# #(.#
.)..........# #@.#
............# #.K#
....######..# #..# ....#
#..# #..# ....# #..# #..#
....# #..# #..# ....#
#..# #..# ....# #..# #..#
##### #### ###


You could see a kobold.

Vanquished Creatures
  A phantom (D:4)
  An ogre (D:4)
  A big kobold (Sewer)
  An orc wizard (D:5)
  An orc priest (D:5)
  An iguana (D:4)
  A scorpion (D:4)
  A big fish (Sewer)
  A worker ant (D:4)
  Jessica (D:2)
  4 gnolls
  A worker ant zombie (D:5)
  6 adders
  A green rat (D:4)
  2 worms
  A grey rat (Sewer)
  An ooze (D:1)
  15 orcs
  10 giant cockroaches
  12 hobgoblins
  4 quokkas
  A ball python (D:3)
  14 bats
  2 giant geckos
  2 giant newts (D:1)
  A giant newt skeleton (D:4)
  10 goblins
  6 jackals
  12 kobolds
  19 rats
134 creatures vanquished.

Vanquished Creatures (others)
  2 adders
  A bat (D:2)
3 creatures vanquished.

Grand Total: 137 creatures vanquished

Notes
Turn   | Place    | Note
--------------------------------------------------------------
     0 | D:1      | Kae, the Draconian Transmuter, began the quest for the Orb.
     0 | D:1      | Reached XP level 1. HP: 16/16 MP: 3/3
   134 | D:1      | Reached XP level 2. HP: 17/23 MP: 4/4
   256 | D:1      | Learned a level 2 spell: Sticks to Snakes
   355 | D:1      | Reached XP level 3. HP: 28/28 MP: 4/6
   371 | D:1      | Reached skill level 4 in Unarmed Combat
   826 | D:2      | Noticed Jessica
   838 | D:2      | Killed Jessica
   876 | D:2      | Reached XP level 4. HP: 20/35 MP: 7/7
  1798 | D:3      | Reached skill level 5 in Unarmed Combat
  2125 | D:3      | Noticed Mitsuki's ghost (average MfTm)
  2131 | D:3      | Learned a level 3 spell: Spider Form
  2179 | D:3      | Reached XP level 5. HP: 34/40 MP: 9/9
  2180 | D:3      | Found a radiant altar of Vehumet.
  2201 | D:3      | Reached skill level 11 in Unarmed Combat
  2201 | D:3      | Reached XP level 6. HP: 7/47 MP: 10/10
  2783 | D:4      | Found a staircase to the Ecumenical Temple.
  2810 | Temple   | Entered the Ecumenical Temple
  2978 | D:4      | Found a basalt altar of Yredelemnul.
  3085 | D:4      | Found a glowing drain.
  3089 | Sewer    | Entered a sewer
  3190 | Sewer    | Your scales start taking on a weird mottled pattern.
  3190 | Sewer    | Reached XP level 7. HP: 37/52 MP: 12/12
  3238 | Sewer    | Found a white marble altar of Elyvilon.
  3442 | D:4      | Found a sparkling altar of Nemelex Xobeh.
  3859 | D:5      | Entered Level 5 of the Dungeon
  4287 | D:4      | Found a blossoming altar of Fedhas.
  4329 | D:5      | Killed from afar by a kobold

Action                   |  1- 3 |  4- 6 |  7- 9 || total
-------------------------+-------+-------+-------++-------
Melee: Unarmed           |   131 |   208 |    89 ||   428
 Cast: Beastly Appendage |    12 |    25 |    12 ||    49
       Spider Form       |       |     3 |     3 ||     6
 Abil: Breathe Sticky Fl |       |       |     1 ||     1
  Use: Potion            |       |     3 |     1 ||     4
       Scroll            |       |    13 |     4 ||    17
 Stab: Sleeping          |     3 |       |       ||     3
